 Dungeon Crawl Stone Soup version 0.16-a0-331-g39fd2ee (webtiles) character file.

35 Misa the Sneak (level 3, -11/28 HPs)
             Began as a Naga Fire Elementalist on Sept 7, 2014.
             Killed from afar by a bat (22 damage)
             ... with an exploding inner flame
             ... hexed by the player character
             ... on Level 2 of the Dungeon.
             The game lasted 00:14:44 (2041 turns).

Misa the Sneak (Naga Fire Elementalist)             Turns: 2041, Time: 00:14:44

HP -11/28        AC  6     Str 10      XL: 3   Next: 33%
MP   3/6         EV  7     Int 16      God:
Gold 42          SH  3     Dex 11      Spells:  2 memorised,  3 levels left

rFire  . . .     SeeInvis +     g - +0 short sword
rCold  . . .     Clarity  .     a - +0 robe
rNeg   . . .     rCorr    .     f - +0 buckler
rPois  +         rRot     .     (no helmet)
rElec  .         Spirit   .     (no cloak)
SustAb .         Warding  .     (no gloves)
rMut   .         Stasis   .     d - +0 naga barding
Gourm  .                        (no amulet)
MR     .....                    (no ring)
                                (no ring)

@: very slightly contaminated, very slow, not resistant to hostile enchantments,
fairly stealthy
A: spit poison, see invisible, deformed body, poison resistance, slowness 2, AC
+1
a: Spit Poison


You were on level 2 of the Dungeon.
You were hungry.

You visited 1 branch of the dungeon, and saw 2 of its levels.

You collected 42 gold pieces.

Inventory:

Hand weapons
 g - a +0 short sword (weapon)
Armour
 a - a +0 robe (worn)
 d - a +0 naga barding (worn)
 f - a +0 buckler (worn)
Comestibles
 c - 2 bread rations
 q - a royal jelly
Scrolls
 e - 2 scrolls of identify
 h - a scroll of immolation
 j - a scroll of remove curse {unknown}
 m - a scroll of magic mapping {unknown}
 o - a scroll of enchant weapon {unknown}
 p - a scroll of teleportation {unknown}
 t - a scroll of noise
Potions
 i - a potion of might {unknown}
 l - a potion of heal wounds {unknown}
 n - a potion of confusion {unknown}
Books
 b - a book of Flames

   Spells                             Type                      Level
   *Flame Tongue                      Conjuration/Fire             1
   *Throw Flame                       Conjuration/Fire             2
   Conjure Flame                      Conjuration/Fire             3
   Inner Flame                        Hexes/Fire                   3
   Sticky Flame                       Conjuration/Fire             4
   Fireball                           Conjuration/Fire             5


   Skills:
 + Level 1.9 Dodging
 + Level 3.8 Stealth
 + Level 2.2 Spellcasting
 + Level 1.2 Conjurations
 + Level 3.4 Fire Magic


You had 3 spell levels left.
You knew the following spells:

 Your Spells              Type           Power        Failure   Level  Hunger
a - Flame Tongue          Conj/Fire      #....        12%         1    #......
b - Throw Flame           Conj/Fire      #.....       17%         2    ##.....


Dungeon Overview and Level Annotations

Branches:
Dungeon (2/15)

Altars:

Annotations:
D:2 1 exclusion, Ijyb


Innate Abilities, Weirdness & Mutations

You cannot wear boots.
You can spit poison.
Your serpentine skin is tough (AC +1).
You have supernaturally acute eyesight.
Armour fits poorly on your strangely shaped body.
Your system is resistant to poisons.
You cover ground very slowly.


Message History

Unknown command.
The bat hits you. The bat hits you but does no damage.
Ijyb throws a stone.
The stone hits you but does no damage.
You miss the bat. The bat hits you but does no damage.
The bat hits you but does no damage.
Ijyb throws a stone.
The stone hits you. The bat hits you but does no damage.
Ijyb throws a stone.
The stone hits you but does no damage. You block the bat's attack.
You see here a stone.
The bat hits you but does no damage. The bat hits you but does no damage.
The bat hits you.
Use which ability? (? or * to list)
Press: ? - help, Shift-Dir - straight line, f/p - Ijyb
Aim: Ijyb, wielding a mace and wearing a ring mail (moderately wounded, inner flame)
The splash of poison hits the bat.
The bat is poisoned.
The bat explodes!
The fiery explosion engulfs you!
Ouch! That really hurt!
You die...

#.# #......##.##.#. #.#
#......##...... #.#
###.##.......## #.#
##...##.####..# #.#
#..#....####..# #.#
#.###.....##..# #.#
#.(#....#.##..#
#.######...(.(#.##..#
######....@§g.(((..(.....#
#.......#####.....##((..(##
####.#####.#
##...########g(
##....#####.# ##.## #(#
#........###### #.%.# #.#
##(...##.##...## #...# #)#
####...##.....###...# #g#
#..##.......##...# #?#
##### ##.#....#....#...#
#.#


You could see Ijyb (inner flame).

Vanquished Creatures
  An adder (D:2)
  An ooze (D:2)
  A bat (D:1)
  A giant cockroach (D:2)
  2 goblins
  4 hobgoblins
  3 jackals (D:1)
  A kobold (D:1)
  A ball python (D:1)
  A giant gecko (D:2)
  A giant newt (D:1)
  A quokka (D:2)
  6 rats
24 creatures vanquished.

Notes
Turn   | Place    | Note
--------------------------------------------------------------
     0 | D:1      | Misa, the Naga Fire Elementalist, began the quest for the Orb.
     0 | D:1      | Reached XP level 1. HP: 15/15 MP: 3/3
   615 | D:1      | Reached XP level 2. HP: 20/22 MP: 0/4
  1221 | D:2      | Learned a level 2 spell: Throw Flame
  1358 | D:2      | Noticed Ijyb
  1889 | D:2      | Reached XP level 3. HP: 20/28 MP: 0/6
  2041 | D:2      | Killed from afar by a bat

Action                   || total
-------------------------++-------
Melee: Short sword       ||    86
       Club              ||    14
Throw: Tomahawk          ||     6
 Cast: Flame Tongue      ||    23
       Throw Flame       ||     6
 Abil: Spit Poison       ||     4
  Use: Scroll            ||     3
 Stab: Sleeping          ||     2
  Eat: Chunk             ||     4
